 Dungeon Crawl Stone Soup version 0.31-a0-818-ge7c7cf74f0 (webtiles) character file.

Game seed: 18087730369704622374

21 jondrn the Conjurer (level 2, 0/20 HPs)
             Began as a Demigod Conjurer on Sept 23, 2023.
             Slain by a worm (3 damage)
             ... on level 2 of the Dungeon.
             The game lasted 00:10:10 (1004 turns).

jondrn the Conjurer (Demigod Conjurer)              Turns: 1004, Time: 00:10:13

Health: 0/20       AC:  6    Str:  8    XL:     2   Next: 45%
Magic:  3/7        EV: 11    Int: 20    God:
Gold:   36         SH:  0    Dex: 12    Spells: 4/5 levels left

rFire   + . .        e - +0 rapier
rCold   . . .        (no shield)
rNeg    . . .        h - +3 leather armour {rF+}
rPois   .            (helmet currently unavailable)
rElec   .            (cloak currently unavailable)
rCorr   .            (gloves currently unavailable)
SInv    .            (boots currently unavailable)
Will    .....        (no amulet)
Stlth   ++           (no ring)
HPRegen 0.23/turn    (no ring)
MPRegen 0.10/turn

%: no passive effects
@: beast-form
A: beast (slay +0), high MP 1, forlorn, divine attributes
a: Begin Untransformation


You were on level 2 of the Dungeon.
You were a hulking beast.
You visited 1 branch of the dungeon, and saw 2 of its levels.

You collected 36 gold pieces.

Inventory:

Hand Weapons
 e - a +0 rapier (weapon)
 f - a +2 falchion of distortion
Missiles
 d - 17 stones
Armour
 a - a +0 robe
 h - a +3 leather armour of fire resistance (worn)
Talismans
 c - a beast talisman (active)
Scrolls
 g - a scroll of teleportation
Potions
 b - a potion of magic


   Skills:
 * Level 0.2 Short Blades
 + Level 1.7 Dodging
 + Level 1.9 Stealth
 + Level 2.0 Spellcasting
 + Level 4.1 Conjurations


You had 4 spell levels left.
You knew the following spells:

 Your Spells              Type           Power      Damage    Failure   Level
a - Magic Dart            Conj           72%        1d6       4%          1

Your spell library contained the following spells:

 Spells                   Type           Power      Damage    Failure   Level
 Searing Ray              Conj           36%        2d5       6%          2
 Dazzling Flash           Conj/Hex       20%        N/A       30%         3
 Ignite Poison            Fire/Tmut/Pois 2%         N/A       56%         3
 Fulminant Prism          Conj/Hex       5%         3d7       69%         4
 Iskenderun's Mystic Bla  Conj/Tloc      10%        2d4       69%         4
 Sticky Flame             Conj/Fire      10%        2d3       69%         4
 Ignition                 Fire           1%         3d3       100%        8


Dungeon Overview and Level Annotations

Branches:
Dungeon (2/15)


Innate Abilities, Weirdness & Mutations

You are a hulking beast.
Your limbs bulge with bestial killing power. (Slay +0)
You have an increased reservoir of magic. (+10% MP)
You shall have no god before yourself.
Your divine heritage dramatically boosts your attributes as you level up.


Message History

You hit the worm.
The worm is heavily wounded.
You hit the worm.
The worm is heavily wounded.
The worm bites you but does no damage.
You completely miss the worm.
The worm is heavily wounded.
The worm barely misses you.
You hit the worm.
The worm is almost dead.
You hit the worm but do no damage.
The worm is almost dead.
The worm closely misses you.
You hit the worm but do no damage.
The worm is severely wounded.
The worm bites you.
You puncture the worm!
You kill the worm!
Your Spellcasting skill increases to level 2!
You barely miss the worm. You hit the worm but do no damage.
The worm closely misses you.
You hit the worm but do no damage. The worm bites you but does no damage.
You barely miss the worm. The worm closely misses you.
You hit the worm but do no damage. You hit the worm but do no damage.
The worm bites you!
You puncture the worm!
The worm is moderately wounded.
The worm bites you!
* * * LOW HITPOINT WARNING * * *
You hit the worm.
The worm is heavily wounded.
Casting: Magic Dart (safe; 4% risk of failure)
Confirm with . or Enter, or press ? or * to list all spells.
Aiming: Magic Dart (safe; 4% risk of failure)
Press: ? - help, Shift-Dir - straight line, f - worm
Aim: a worm (heavily wounded, 100% to hit)
The magic dart hits the worm.
The worm is severely wounded.
The worm bites you.
You die...

.# .# .# ##.## #r..#
#.########## #...#
#..........#####...#
#..........'..hw...#
#.#..........#####...#
#.#..........#
##......
#.#..........# .......
#.#..........# .l.....
#.#...)......# .......
#.#..........# ....$..
#.#..........# ......(
#.#.#+########


You could see a worm.

Vanquished Creatures
  A worm (D:2)
  An endoplasm (D:1)
  A giant cockroach (D:1)
  3 goblins
  2 hobgoblins
  2 kobolds (D:1)
  3 bats
  A frilled lizard (D:2)
  4 rats
18 creatures vanquished.

Notes
Turn   | Place    | Note
-------+----------+-------------------------------------------
     0 | D:1      | jondrn the Demigod Conjurer began the quest for the Orb.
     0 | D:1      | Reached XP level 1. HP: 14/14 MP: 5/5
   557 | D:1      | Reached skill level 4 in Conjurations
   658 | D:1      | Reached XP level 2. HP: 20/20 MP: 5/7
  1004 | D:2      | Slain by a worm

Illustrated notes

Levels and vault maps discovered:
D:1:      orjb1_lava_funnel, layout_loops_ring
D:2:      layout_basic, minmay_unequal, uniq_natasha

Skill      XL: |  1  2 |
---------------+-------+-----
Conjurations   | 4 |  4.1
Spellcasting   | 2 |  2.0
Short Blades   | |  0.2
Dodging        | |  1.7
Stealth        | |  1.9

Action                     || total
---------------------------++-------
  Melee: Rapier            ||    26
         Unarmed           ||     7
   Cast: Magic Dart        ||    30
    Use: Scroll            ||     2
 Armour: Robe              ||     6
         Leather armour    ||     7
  Dodge: Dodged            ||    13
   Form: Beast             ||     1

Table legend: (Time is in decaauts)
 A = Elapsed time spent in this place.
 B = Non-inter-level travel time spent in this place.
 C = Inter-level travel time spent in this place.
 D = Time resting spent in this place.
 E = Time spent auto-exploring this place.
 F = Levels seen in this place.
 G = Mean time per level.
                   A        B        C        D        E       F      G
               +--------+--------+--------+--------+--------+-----+--------+
         Total |   1008 |    603 |    405 |      0 |      0 |   2 |  504.0 |
       Dungeon |   1008 |    603 |    405 |      0 |      0 |   2 |  504.0 |
               +--------+--------+--------+--------+--------+-----+--------+

Top non-repeatable levels by time:
     D:1: 881 daAuts
     D:2: 127 daAuts
